 Dungeon Crawl Stone Soup version 0.29-a0-419-g77450f2105 (webtiles) character file.

Game seed: 3915698153732621698

11459 Bruhh the Fighter (level 11, -8/132 HPs)
             Began as an Octopode Transmuter on May 18, 2022.
             Was a Believer of Ashenzari.
             Mangled by a seven-headed hydra (16 damage)
             ... on level 11 of the Dungeon.
             The game lasted 00:28:42 (13093 turns).

Bruhh the Fighter (Octopode Transmuter)            Turns: 13093, Time: 00:28:43

Health: -8/132     AC:  2    Str: 26    XL:     11   Next: 78%
Magic:  17/19      EV: 31    Int: 22    God:    Ashenzari [**....]
Gold:   912        SH:  0    Dex: 17    Spells: 11/21 levels left

rFire   . . .      SeeInvis +     - Unarmed
rCold   . . .      Faith    .   (shield currently unavailable)
rNeg    + . .      Spirit   .   (helmet currently unavailable)
rPois   .          Reflect  .   (no amulet)
rElec   .          Harm     .   d - ring "Sorrow of the Cosmos" {rCorr, Bglg, Self} (curse)
rCorr   +          Rampage  .   j - ring "Circumscribed Yoke" {EV+4 Str+9, Melee, Alch} (curse)
Will    .....                   q - ring of Benevolence {rPois Will- rCorr Str+6 Int+5}
Stlth   ..........              a - ring "I Foresaw This" {rN+, Alch, Cun} (curse)
HPRegen 1.12/turn               h - ring "I Knew You'd Do That" {Wiz, Alch, Self} (curse)
MPRegen 0.16/turn               (no ring)
                                (no ring)
                                (no ring)

@: mighty, berserking, spider-form, unable to read, very quick
A: venomous fangs, almost no armour, (amphibious), 8 rings, tiny, (camouflage
1), (gelatinous body 1), (nimble swimmer 1), (tentacles), regeneration 1, weak
1, inability to read while threatened
a: End Transformation, Renounce Religion, Shatter the Chains


You were on level 11 of the Dungeon.
You worshipped Ashenzari.
Ashenzari was pleased with you.
You were a venomous arachnid creature.
You visited 1 branch of the dungeon, and saw 11 of its levels.
You also visited: Ossuary.

You collected 912 gold pieces.

Inventory:

Missiles
 v - 2 throwing nets
Armour
 i - a +0 kite shield
Jewellery
 a - the cursed ring "I Foresaw This" (on tentacle) {rN+, Alch, Cun}
   (You found it on level 7 of the Dungeon)

   [ring of positive energy]

   rN:        It protects you from negative energy.
   It has a curse which improves the following skills: Alchemy: Poison Magic and
   Transmutations.
   Cunning:   Dodging and Stealth.
 d - the cursed ring "Sorrow of the Cosmos" (left front leg) {rCorr, Bglg, Self}
   (You found it on level 1 of the Dungeon)

   [ring of resist corrosion]

   rCorr:     It protects you from acid and corrosion.
   It has a curse which improves the following skills: Beguiling: Conjurations,
   Hexes and Translocations.
   Introspection: Fighting and Spellcasting.
 h - the cursed ring "I Knew You'd Do That" (on tentacle) {Wiz, Alch, Self}
   (You found it on level 7 of the Dungeon)

   [ring of wizardry]

   It improves your spell success rate.
   It has a curse which improves the following skills: Alchemy: Poison Magic and
   Transmutations.
   Introspection: Fighting and Spellcasting.
 j - the cursed ring "Circumscribed Yoke" (right front leg) {EV+4 Str+9, Melee, Alch}
   (You found it on level 2 of the Dungeon)

   [ring of evasion]

   EV:        It affects your evasion (+4).
   Str:       It affects your strength (+9).
   It has a curse which improves the following skills: Melee Combat: Short
   Blades, Long Blades, Axes, Maces & Flails, Polearms, Staves and Unarmed
   Combat.
   Alchemy:   Poison Magic and Transmutations.
 q - the ring of Benevolence (on tentacle) {rPois Will- rCorr Str+6 Int+5}
   (You found it on level 4 of the Dungeon)

   [ring of strength]

   Str:       It affects your strength (+6).
   Int:       It affects your intelligence (+5).
   rPois:     It protects you from poison.
   rCorr:     It protects you from acid and corrosion.
   Will:      It decreases your willpower.
 C - a +4 ring of protection
 I - a ring of willpower
Wands
 t - a wand of polymorph (6)
 w - a wand of digging (6)
 y - a wand of paralysis (13)
 z - a wand of iceblast (9)
 E - a wand of charming (5)
Scrolls
 b - 4 scrolls of poison
 c - a scroll of fog
 e - 5 scrolls of teleportation
 f - a scroll of amnesia
 l - 12 scrolls of identify
 m - 2 scrolls of enchant armour
 n - a scroll of immolation
 p - 3 scrolls of fear
 x - 2 scrolls of noise
 D - a scroll of acquirement
 F - a scroll of enchant weapon
Potions
 g - a potion of attraction
 k - 3 potions of mutation
 o - a potion of might
 r - 5 potions of brilliance
 s - 4 potions of cancellation
 u - 2 potions of resistance
 A - 3 potions of flight
 B - a potion of degeneration
Miscellaneous
 H - a condenser vane


   Skills:
 - Level 11.2(13.1) Fighting
 - Level 8.7(10.0) Dodging
 * Level 10.3(11.5) Unarmed Combat
 - Level 4.0(5.7) Spellcasting
 - Level 6.0(8.5) Transmutations
 + Level 1.0 Evocations


You had 11 spell levels left.
You knew the following spells:

 Your Spells              Type           Power      Damage    Failure   Level
a - Beastly Appendage     Tmut           86%        N/A       1%          1
b - Spider Form           Tmut/Pois      25%        N/A       6%          3
c - Ice Form              Ice/Tmut       25%        N/A       14%         4
d - Wereblood             Tmut           43%        N/A       1%          2

Your spell library contained the following spells:

 Spells                   Type           Power      Damage    Failure   Level
 Passwall                 Tmut/Erth      20%        N/A       4%          2
 Shock                    Conj/Air       24%        1d4       9%          1
 Ignite Poison            Fire/Tmut/Pois 19%        N/A       9%          3
 Animate Skeleton         Necr           12%        N/A       10%         1
 Pain                     Necr           24%        1d5       10%         1
 Ensorcelled Hibernation  Hex/Ice        12%        N/A       13%         2
 Static Discharge         Conj/Air       6%         N/A       13%         2
 Conjure Flame            Conj/Fire      6%         6-21      21%         3
 Inner Flame              Hex/Fire       6%         N/A       21%         3
 Portal Projectile        Hex/Tloc       12%        N/A       21%         3
 Swiftness                Air            6%         N/A       22%         3
 Vampiric Draining        Necr           6%         2d6       22%         3
 Cause Fear               Hex            3%         N/A       50%         4
 Sticky Flame             Conj/Fire      6%         2d3       50%         4
 Airstrike                Air            3%         N/A       52%         4
 Dispel Undead            Necr           6%         3d8       52%         4
 Summon Ice Beast         Ice/Summ       6%         N/A       52%         4
 Summon Lightning Spire   Summ/Air       6%         N/A       52%         4
 Lightning Bolt           Conj/Air       3%         1d14      80%         5
 Enfeeble                 Hex            3%         N/A       100%        7
 Discord                  Hex            3%         N/A       100%        8


Dungeon Overview and Level Annotations

Branches:
Dungeon (11/15)            Temple (0/1) D:7            Lair (0/6) D:11
    Orc (0/2) D:10        Ossuary (visited)

Altars:
Ashenzari
Gozag
Nemelex Xobeh
Okawaru
Ru
Trog
Vehumet
Beogh

Shops:
D:10 *

Annotations:
D:3 3 runed translucent doors, fly's ghost, amateur DDNe
D:5 3 runed translucent doors, Troll's ghost, amateur DsFi


Innate Abilities, Weirdness & Mutations

You are a venomous arachnid creature.
You have poisonous fangs.
You are tiny and dextrous.
Your spellcasting is less reliable in this form.
Your armour is entirely melded.
You are incapable of wielding weapons or throwing items.
You cannot wear most types of armour.
((You are amphibious.))
You can wear up to eight rings at the same time.
((Your skin changes colour to match your surroundings (Stealth+).))
((Your rubbery body absorbs attacks. (AC +1, EV +1)))
((You are camouflaged when in or above water. (Stealth+)))
((You have tentacles for arms and can constrict up to eight enemies at once.))
Your natural rate of healing is unusually fast.
You are weak. (Str -2)
You sometimes lose the ability to read scrolls when taking damage.


Message History

The seven-headed hydra bites you! The seven-headed hydra misses you.
The seven-headed hydra barely misses you.
The seven-headed hydra completely misses you.
The seven-headed hydra bites you! x2
You feel threatened and lose the ability to read scrolls!
* * * LOW HITPOINT WARNING * * *
The seven-headed hydra misses you.
You bite the seven-headed hydra!
The seven-headed hydra is lightly wounded.
The seven-headed hydra closely misses you.
The seven-headed hydra completely misses you. x3
The seven-headed hydra misses you.
The seven-headed hydra completely misses you.
The seven-headed hydra closely misses you.
You bite the seven-headed hydra!
The seven-headed hydra is moderately wounded.
The seven-headed hydra completely misses you.
The seven-headed hydra closely misses you.
The seven-headed hydra bites you!
* * * LOW HITPOINT WARNING * * *
The seven-headed hydra completely misses you.
The seven-headed hydra barely misses you.
The seven-headed hydra completely misses you.
The seven-headed hydra barely misses you.
You maul the seven-headed hydra!!
The seven-headed hydra is heavily wounded.
The seven-headed hydra completely misses you.
The seven-headed hydra barely misses you.
The seven-headed hydra misses you.
The seven-headed hydra completely misses you.
The seven-headed hydra bites you.
* * * LOW HITPOINT WARNING * * *
The seven-headed hydra closely misses you.
The seven-headed hydra completely misses you.
A red film seems to cover your vision as you go berserk!
You feel yourself moving faster!
You feel mighty!
The seven-headed hydra closely misses you.
The seven-headed hydra completely misses you.
The seven-headed hydra bites you!
You die...

#.............#...
#...........### .#
#.......>...# *
#..............
#...........### *
#[.[........# *, *
#.######.##.# ,
#.# #.#*.# #s# *.#
,# #D######.#* *
#h.......#
#†#####..# #.#
*..# #.#####..####
, #.$.....S≈≈≈≈
#.....≈.S≈≈≈≈ ,
#.....h≈S≈≈≈≈


You could see a seven-headed hydra and a hound.

Vanquished Creatures
  2 two-headed ogres
  A death yak (D:9)
  Maggie (D:7)
  3 gargoyles (D:10)
  A troll (D:11)
  A hornet (D:9)
  4 shadows
  A wyvern (D:9)
  4 humans (D:7)
  5 yaks
  A basilisk (D:6)
  2 steam dragons
  Menkaure (D:7)
  2 acid dragons (D:9)
  2 water moccasins
  A sky beast (D:8)
  6 ice beasts
  4 orc warriors
  A black bear (D:6)
  2 wolves (D:9)
  4 centaurs
  2 elf zombies (D:4)
  4 phantoms
  A bullfrog (D:7)
  2 kobold brigands
  A necrophage (D:5)
  4 scorpions
  5 elf skeletons (D:4)
  4 wights (D:8)
  3 troll zombies (D:10)
  10 killer bees
  An electric eel (D:9)
  7 howler monkeys
  A human zombie (D:4)
  A gnoll shaman (D:6)
  Crazy Yiuf (D:2)
  6 hounds
  2 jellies (D:6)
  9 orc priests
  2 iguanas (D:5)
  9 orc wizards
  2 human skeletons (D:4)
  5 ogre zombies (D:10)
  8 mummies (Ossuary)
  4 adders
  4 gnolls
  A shadow imp (D:7)
  2 ufetubi (D:9)
  A worm (D:4)
  20 orcs
  8 endoplasms
  3 giant cockroaches (D:1)
  10 goblins
  2 hobgoblins
  15 kobolds
  6 quokkas
  4 ball pythons
  4 bats
  A frilled lizard (D:1)
  4 goblin skeletons (D:10)
  2 goblin zombies (D:10)
  3 hobgoblin zombies
  5 kobold zombies (Ossuary)
  2 orc skeletons
  18 orc zombies
  7 rats
265 creatures vanquished.

Vanquished Creatures (others)
  A kobold (D:8)
1 creature vanquished.

Grand Total: 266 creatures vanquished

Notes
Turn   | Place    | Note
-------+----------+-------------------------------------------
     0 | D:1      | Bruhh the Octopode Transmuter began the quest for the Orb.
     0 | D:1      | Reached XP level 1. HP: 13/13 MP: 3/3
   105 | D:1      | Found a faded altar of an unknown god.
   319 | D:1      | Reached XP level 2. HP: 17/18 MP: 3/5
  1365 | D:2      | Reached XP level 3. HP: 23/23 MP: 4/6
  1579 | D:2      | Identified the ring of Deenamure {EV+4 Str+9}
  1722 | D:2      | Found a runed translucent door.
  1723 | D:2      | Noticed Crazy Yiuf
  2042 | D:2      | Got Kemn's Papyrus of the Congealing Oath
  2440 | D:2      | Learned a level 3 spell: Spider Form
  2446 | D:2      | Killed Crazy Yiuf
  2447 | D:2      | Reached skill level 5 in Unarmed Combat
  2447 | D:2      | Reached XP level 4. HP: 28/28 MP: 3/7
  2759 | D:3      | Found a runed translucent gate.
  2764 | D:3      | Noticed fly's ghost (amateur DDNe)
  2767 | D:3      | Found a runed translucent gate.
  2767 | D:3      | Identified the +6 dagger of the End {vamp, rElec}
  2768 | D:3      | Found a runed translucent gate.
  2981 | D:3      | Reached XP level 5. HP: 33/33 MP: 4/8
  3335 | D:4      | Noticed a phantom
  3344 | D:4      | Killed a phantom
  3345 | D:4      | Reached XP level 6. HP: 29/38 MP: 9/9
  3496 | D:4      | Identified the ring of Benevolence {rPois Will- rCorr Str+6
                  | Int+5}
  3833 | D:4      | Reached XP level 7. HP: 38/43 MP: 8/10
  3978 | D:4      | Found a sand-covered staircase.
  3988 | Ossuary  | Entered an ossuary
  4328 | D:4      | Reached XP level 8. HP: 40/48 MP: 9/11
  5293 | D:5      | Entered Level 5 of the Dungeon
  5448 | D:5      | Reached skill level 10 in Unarmed Combat
  5992 | D:5      | Reached skill level 5 in Transmutations
  6021 | D:5      | Found a radiant altar of Vehumet.
  6436 | D:5      | Found a runed translucent gate.
  6436 | D:5      | Found a runed translucent gate.
  6437 | D:5      | Found a runed translucent gate.
  6439 | D:5      | Noticed Troll's ghost (amateur DsFi)
  6515 | D:6      | Reached XP level 9. HP: 50/53 MP: 8/12
  6731 | D:6      | Found a runed translucent door.
  6741 | D:6      | Found a glowing drain.
  7180 | D:6      | Found a broken altar of Ashenzari.
  7181 | D:6      | Found a bloodstained altar of Trog.
  7183 | D:6      | Found an iron altar of Okawaru.
  7279 | D:6      | Became a worshipper of Ashenzari the Shackled
  7400 | D:6      | Reached skill level 2 in Fighting
  7570 | D:6      | Reached skill level 3 in Fighting
  7638 | D:6      | HP: 3/84 [centaur/arrow (7)]
  7640 | D:6      | HP: 1/84 [centaur/arrow (1)]
  7641 | D:6      | Gained mutation: You sometimes lose the ability to read
                  | scrolls when taking damage. [potion of mutation]
  7641 | D:6      | Gained mutation: You are weak. (Str -2) [potion of
                  | mutation]
  7641 | D:6      | Gained mutation: Your natural rate of healing is unusually
                  | fast. [potion of mutation]
  8042 | D:7      | Reached skill level 4 in Fighting
  8047 | D:7      | Reached skill level 5 in Fighting
  8053 | D:7      | Reached skill level 6 in Fighting
  8143 | D:7      | Reached skill level 7 in Fighting
  8157 | D:7      | Reached XP level 10. HP: 28/71 MP: 12/16
  8307 | D:7      | Found a sacrificial altar of Ru.
  8469 | D:7      | Noticed Menkaure
  8476 | D:7      | Learned a level 4 spell: Ice Form
  8496 | D:7      | Killed Menkaure
  8497 | D:7      | Reached skill level 8 in Fighting
  8538 | D:7      | Found a sparkling altar of Nemelex Xobeh.
  8600 | D:7      | Found a staircase to the Ecumenical Temple.
  8690 | D:7      | Found an opulent altar of Gozag.
  9176 | D:8      | Reached * piety under Ashenzari
  9176 | D:8      | Identified a scroll of acquirement
  9372 | D:8      | Noticed Maggie
  9374 | D:8      | Noticed a two-headed ogre
  9766 | D:7      | Killed Maggie
  9767 | D:7      | Reached skill level 9 in Fighting
  9837 | D:7      | Killed a two-headed ogre
  9838 | D:7      | Reached skill level 10 in Fighting
 10153 | D:9      | Noticed a two-headed ogre
 10162 | D:9      | Reached skill level 11 in Fighting
 10164 | D:9      | Killed a two-headed ogre
 10165 | D:9      | Reached XP level 11. HP: 78/85 MP: 10/18
 10352 | D:9      | Reached skill level 5 in Dodging
 10505 | D:9      | Noticed a death yak
 10529 | D:9      | Killed a death yak
 10854 | D:9      | Learned a level 2 spell: Wereblood
 11153 | D:10     | Entered Level 10 of the Dungeon
 11545 | D:10     | Found a staircase to the Orcish Mines.
 12204 | D:10     | Found Esog Uhy's General Store.
 12205 | D:10     | Reached ** piety under Ashenzari
 12896 | D:11     | Noticed a two-headed ogre
 12947 | D:11     | Noticed a cyclops
 12949 | D:11     | Noticed a tengu warrior
 13065 | D:11     | Found a staircase to the Lair.
 13066 | D:11     | Noticed a seven-headed hydra
 13085 | D:11     | Reached skill level 1 in Evocations
 13093 | D:11     | Mangled by a seven-headed hydra

Illustrated notes

Levels and vault maps discovered:
D:1:      spicycebolla_arrival_xxxplode, layout_loops_ring,
          dreamdust_ecumenical_altar_grove, hangedman_abyss_or_decor_stabs,
          minmay_tromino_v4_c
D:2:      layout_loops_cross, uniq_crazy_yiuf_cottage
D:3:      layout_basic, biasface_ghost_orc_armoury, kennysheep_orc_chapel
D:4:      layout_layer_cave, nicolae_ossuary_entry_catacombs
D:5:      layout_loops_cross, mainiacjoe_overflow_chevrons,
          gammafunk_ghost_necromancy
D:6:      layout_cave_pods, chequers_temple_overflow_statue_of_worship,
          gup_sewer_entry_glass, lightli_church_of_beogh
D:7:      layout_rooms, grunt_gozag_breadcrumbs, old_standard_altar,
          nicolae_ru_sacrificial_ziggurat, minmay_temple_entry_fiery,
          minmay_ruffians, uniq_menkaure
D:8:      layout_rooms, hangedman_decor_riveting, uniq_maggie
D:9:      layout_basic, serial_ice, serial_ice_m, serial_ice_f, serial_ice_l,
          serial_ice_e, minivault_21, glass_columns_a
D:10:     layout_basic, zombieorc2_lemuel, serial_shops, shop
D:11:     evilmike_iron_armoury, layout_loops_ring, erik_lair_island,
          minmay_fractal_squares_gapless_7

Skill      XL: |  1  2  3  4  5  6  7  8  9 10 11 |
---------------+----------------------------------+-----
Unarmed Combat | 4 5 6 7 9 10 | 10.3
Transmutations | 6 |  6.0
Spellcasting   | 4 |  4.0
Fighting       | 7 11 | 11.2
Dodging        | 3 8 |  8.7
Evocations     | 1 |  1.0

Action                   |  1- 3 |  4- 6 |  7- 9 | 10-12 || total
-------------------------+-------+-------+-------+-------++-------
Melee: Unarmed           |    82 |    50 |   233 |   285 ||   650
       Kick              |    25 |    18 |    18 |       ||    61
       Constrict         |    20 |     7 |    21 |     3 ||    51
       Punch             |     1 |     3 |     5 |       ||     9
       Tentacles         |     7 |     9 |    20 |     3 ||    39
 Cast: Beastly Appendage |    30 |    16 |    18 |     1 ||    65
       Spider Form       |     1 |     1 |    28 |     9 ||    39
       Ice Form          |       |       |       |    31 ||    31
       Wereblood         |       |       |       |     4 ||     4
Invok: Curse Item        |       |       |       |     4 ||     4
  Use: Potion            |       |       |    11 |     9 ||    20
       Scroll            |       |       |     3 |       ||     3
 Stab: Sleeping          |    10 |     3 |     6 |       ||    19
Armor: Skin              |     4 |       |    20 |    41 ||    65
Dodge: Dodged            |    46 |    20 |   200 |   256 ||   522

Table legend: (Time is in decaauts)
 A = Elapsed time spent in this place.
 B = Non-inter-level travel time spent in this place.
 C = Inter-level travel time spent in this place.
 D = Time resting spent in this place.
 E = Time spent auto-exploring this place.
 F = Levels seen in this place.
 G = Mean time per level.
                   A        B        C        D        E       F      G
               +--------+--------+--------+--------+--------+-----+--------+
         Total |  12983 |  12658 |    325 |    850 |   9741 |  12 | 1081.9 |
       Dungeon |  12658 |  12333 |    325 |    850 |   9526 |  11 | 1150.7 |
       Ossuary |    325 |    325 |      0 |      0 |    215 |   1 |  325.0 |
               +--------+--------+--------+--------+--------+-----+--------+

Top non-repeatable levels by time:
     D:4: 1668 daAuts
    D:10: 1524 daAuts
     D:7: 1500 daAuts
     D:6: 1411 daAuts
     D:1: 1309 daAuts
     D:9: 1254 daAuts
     D:2: 1220 daAuts
     D:5: 1213 daAuts
     D:3: 745 daAuts
     D:8: 618 daAuts
 Ossuary: 325 daAuts
    D:11: 192 daAuts
